 Dungeon Crawl Stone Soup version 0.28.0-53-g5a82cb258f (webtiles) character file.

Game seed: 3041225353461029172

26971 cbfl8 the Severer (level 13, -6/118 HPs)
             Began as a Minotaur Berserker on Nov 16, 2022.
             Was an Elder of Trog.
             Mangled by Rupert
             ... wielding a +2 great mace of protection
              (23 damage)
             ... on level 13 of the Dungeon on Nov 17, 2022.
             The game lasted 00:33:25 (19475 turns).

cbfl8 the Severer (Minotaur Berserker)             Turns: 19475, Time: 00:33:26

Health: -6/118     AC: 21    Str: 22    XL:     13   Next: 1%
Magic:  12/12      EV: 11    Int:  4    God:    Trog [****..]
Gold:   912        SH:  0    Dex: 17    Spells: 12/12 levels left

rFire   + . .      SeeInvis .   D - +2 battleaxe (spect)
rCold   . . .      Faith    .   (shield currently unavailable)
rNeg    + . .      Spirit   .   x - +0 plate armour
rPois   .          Reflect  .   q - +1 hat
rElec   .          Harm     .   r - scarf {repulsion}
rCorr   .          Rampage  .   L - +2 pair of gloves {Stlth+}
Will    .....                   P - +2 pair of boots {Stlth+}
Stlth   ..........              g - amulet "Sinla" {Acrobat Fragile rN+ Dex+2}
HPRegen 0.29/turn               h - ring of protection from fire
MPRegen 0.13/turn               (no ring)

@: repel missiles
A: horns 2, retaliatory headbutt
a: Renounce Religion, Berserk, Trog's Hand, Brothers in Arms


You were on level 13 of the Dungeon.
You worshipped Trog.
Trog was greatly pleased with you.
You visited 1 branch of the dungeon, and saw 13 of its levels.
You also visited: Bailey and Gauntlet.

You collected 912 gold pieces.

Inventory:

Hand Weapons
 e - a +2 executioner's axe
 D - a +2 spectral battleaxe (weapon)
Armour
 q - a +1 hat (worn)
 r - a scarf of repulsion (worn)
 x - a +0 plate armour (worn)
 L - a +2 pair of gloves of stealth (worn)
 N - a +1 pair of gloves of strength
 P - a +2 pair of boots of stealth (worn)
Jewellery
 g - the amulet "Sinla" (around neck) {Acrobat Fragile rN+ Dex+2}
   (You found it in a Gauntlet)

   [amulet of the acrobat]

   It increases your evasion while moving and waiting.
   Dex:       It affects your dexterity (+2).
   rN:        It protects you from negative energy.
   Fragile:   It will be destroyed if unequipped.
 h - a ring of protection from fire (left hand)
 O - an amulet of reflection
Wands
 a - a wand of flame (23)
 o - a wand of acid (13) (quivered)
 w - a wand of paralysis (16)
 E - a wand of polymorph (18)
 I - a wand of iceblast (7)
Scrolls
 b - a scroll of noise
 f - 3 scrolls of enchant weapon
 i - 3 scrolls of holy word
 j - 2 scrolls of immolation {unknown}
 l - 2 scrolls of teleportation
 m - 3 scrolls of enchant armour
 y - 4 scrolls of summoning
 M - a scroll of magic mapping
 Q - a scroll of fear {unknown}
Potions
 c - 5 potions of flight
 d - 3 potions of ambrosia
 n - 6 potions of curing
 p - 2 potions of resistance
 s - 2 potions of attraction
 t - 3 potions of invisibility
 u - a potion of cancellation {unknown}
 v - 4 potions of mutation {unknown}
 z - 2 potions of brilliance {unknown}
 A - 3 potions of haste {unknown}
 B - a potion of degeneration {unknown}
 C - a potion of lignification {unknown}
 F - a potion of might {unknown}
Miscellaneous
 H - a phantom mirror
 J - a tin of tremorstones (2/2)
 K - a phial of floods


   Skills:
 * Level 12.2 Fighting
 * Level 17.2 Axes
 + Level 8.6 Armour
 * Level 9.0 Dodging
 + Level 1.1 Stealth
 + Level 4.4 Shields
 * Level 7.3 Evocations


You had 12 spell levels left.
You didn't know any spells.
Your spell library was empty.

Dungeon Overview and Level Annotations

Branches:
Dungeon (13/15)            Temple (0/1) D:5            Lair (0/6) D:9
    Orc (0/2) D:11         Bailey (visited)         Gauntlet (visited)
 Vaults: D:13-14

Altars:
Wu Jian
Zin
Beogh

Shops:
D:3 *   D:4 (   D:10 [:(

Annotations:
D:12 6 transporters
D:13 Rupert


Innate Abilities, Weirdness & Mutations

You have a pair of horns on your head.
You reflexively headbutt those who attack you in melee.


Message History

The two-headed ogre hits you with a +0 dire flail!
You slice the two-headed ogre!!
You kill the two-headed ogre!
Trog accepts your kill.
You have reached level 13!
Rupert yells loudly at you.
You struggle to resist.
Things that are here:
a +0 giant club; a +0 dire flail You slash Rupert!
Rupert is lightly wounded.
Your +2 spectral battleaxe barely misses Rupert.
You barely miss Rupert. You headbutt Rupert.
Rupert is lightly wounded.
Your +2 spectral battleaxe hits Rupert!
Rupert roars madly and goes into a rage!
Rupert goes berserk!
Unknown command.
You slash Rupert! You headbutt Rupert, but do no damage.
Rupert is moderately wounded.
Your +2 spectral battleaxe barely misses Rupert.
Rupert hits you with a +2 great mace of protection!!
You slash Rupert!
Rupert is heavily wounded.
Your +2 spectral battleaxe barely misses Rupert.
Rupert hits you with a +2 great mace of protection!!
* * * LOW HITPOINT WARNING * * *
Rupert completely misses you.
Unknown command.
You hit Rupert. Your headbutt misses Rupert.
Rupert is heavily wounded.
Your +2 spectral battleaxe hits Rupert!
Rupert hits you with a +2 great mace of protection!
* * * LOW HITPOINT WARNING * * *
Unknown command.
You closely miss Rupert.
Rupert is heavily wounded.
Your +2 spectral battleaxe hits Rupert!!
Rupert hits you with a +2 great mace of protection!!
You die...

#.# ... #...#
##.# #...+ #.#
#...# #.#
#...# #.#
+...# ##.#
#...#
...######
#(@.#
........###
#.@.#
#..###....###
#.).# #..
#).###.# ##.##
...
#..###.####?#
..#
##...........#
..
#........#####
.. #..##....#
.. #........#
#...##.#.#


You could see Rupert (berserk) and a friendly +2 spectral battleaxe (summoned).

Vanquished Creatures
  A minotaur (Gauntlet)
  Josephine (D:10)
  5 two-headed ogres
  A centaur warrior (D:11)
  A boulder beetle (D:8)
  2 tengu warriors
  A fire crab (Gauntlet)
  5 sixfirhies (Gauntlet)
  2 wizards
  A deep elf pyromancer (D:13)
  2 orc knights (Bailey)
  2 cyclopes
  An ugly thing (D:7)
  An elephant (D:9)
  An unseen horror (D:11)
  A komodo dragon (D:10)
  2 tengu conjurers (Gauntlet)
  6 trolls
  Grinder (D:5)
  A hornet (D:10)
  4 large abominations (D:9)
  A shadow (D:7)
  3 wraiths (D:10)
  12 yaks
  2 basilisks (D:9)
  3 fire bats (Gauntlet)
  2 wyverns
  3 vampire mosquitoes (D:12)
  2 acid dragons
  2 hell hounds (Gauntlet)
  A water moccasin (D:7)
  A black bear (D:4)
  9 orc warriors
  A sky beast (D:7)
  An ogre (D:3)
  7 small abominations (D:9)
  4 centaurs
  A phantom (D:6)
  2 bullfrogs
  3 kobold brigands
  A gnoll sergeant (D:7)
  3 scorpions
  10 wights
  6 howler monkeys
  A bullfrog zombie (D:7)
  5 hounds
  A centaur skeleton (D:6)
  2 gnoll shamans (D:3)
  4 orc priests
  A bullfrog skeleton (D:6)
  3 jellies
  2 iguanas (D:5)
  13 orc wizards
  Natasha (thrice) (D:3)
  A killer bee zombie (D:8)
  24 gnolls
  8 adders
  A shadow imp (Gauntlet)
  A white imp (D:7)
  2 adder skeletons (D:4)
  An adder zombie (D:5)
  A worm (D:2)
  4 dart slugs
  71 orcs
  8 endoplasms
  2 giant cockroaches
  7 hobgoblins
  13 jackals (D:3)
  24 kobolds
  A quokka (D:3)
  8 ball pythons
  3 bats
  7 frilled lizards
  8 goblins
  6 rats
358 creatures vanquished.

Vanquished Creatures (collateral kills)
  A large abomination (D:9)
  An obsidian statue (D:9)
2 creatures vanquished.

Vanquished Creatures (others)
  A manticore (D:13)
  A fungus (D:3)
  6 plants
8 creatures vanquished.

Grand Total: 368 creatures vanquished

Notes
Turn   | Place    | Note
-------+----------+-------------------------------------------
     0 | D:1      | cbfl8 the Minotaur Berserker began the quest for the Orb.
     0 | D:1      | Reached XP level 1. HP: 19/19 MP: 0/0
   417 | D:1      | Reached XP level 2. HP: 27/27 MP: 1/1
   428 | D:1      | Reached skill level 4 in Axes
   968 | D:1      | Reached XP level 3. HP: 32/33 MP: 2/2
  1282 | D:2      | Reached ** piety under Trog
  1352 | D:2      | Found an ornate altar of the Wu Jian Council.
  2092 | D:2      | Found a faded altar of an unknown god.
  2536 | D:3      | Found Riatwici's General Store.
  2568 | D:3      | Reached XP level 4. HP: 41/41 MP: 3/3
  2970 | D:3      | Noticed a scorpion
  2980 | D:3      | Killed a scorpion
  2981 | D:3      | Reached skill level 5 in Axes
  2981 | D:3      | Reached skill level 1 in Shields
  2981 | D:3      | Reached XP level 5. HP: 35/47 MP: 4/4
  3164 | D:3      | Reached skill level 1 in Evocations
  3327 | D:3      | Noticed Natasha
  3334 | D:3      | Killed Natasha
  3334 | D:3      | Reached *** piety under Trog
  3509 | D:3      | Reached skill level 5 in Fighting
  3515 | D:3      | Reached XP level 6. HP: 35/56 MP: 5/5
  3720 | D:3      | Reached skill level 6 in Axes
  4621 | D:3      | Reached XP level 7. HP: 61/61 MP: 6/6
  4702 | D:3      | Reached **** piety under Trog
  4729 | D:3      | Noticed Natasha
  4739 | D:3      | Killed Natasha
  4740 | D:3      | Reached skill level 7 in Axes
  4958 | D:3      | Noticed Natasha
  4968 | D:3      | Killed Natasha
  5472 | D:4      | Reached XP level 8. HP: 57/70 MP: 7/7
  5555 | D:4      | Found Noepruf's Weapon Shoppe.
  5906 | D:4      | Reached skill level 8 in Axes
  6113 | D:5      | Entered Level 5 of the Dungeon
  6500 | D:5      | Noticed Grinder
  6500 | D:5      | Paralysed by Grinder for 2 turns
  6511 | D:5      | Killed Grinder
  6733 | D:5      | Reached skill level 5 in Dodging
  6861 | D:5      | Found a staircase to the Ecumenical Temple.
  6996 | D:5      | Reached skill level 9 in Axes
  7074 | D:5      | You fall into a shaft and drop 3 floors!
  7159 | D:7      | Found a flagged portal.
  7175 | Bailey   | Entered a bailey
  7641 | Bailey   | Noticed an orc knight
  7657 | Bailey   | Reached ***** piety under Trog
  7924 | Bailey   | Noticed an orc knight
  7942 | Bailey   | Killed an orc knight
  7943 | Bailey   | Reached XP level 9. HP: 21/79 MP: 8/8
  8231 | Bailey   | Killed an orc knight
  8232 | Bailey   | Reached skill level 10 in Axes
  8851 | D:7      | Reached skill level 5 in Armour
  9772 | D:6      | Reached skill level 11 in Axes
 10555 | D:7      | Reached XP level 10. HP: 81/82 MP: 9/9
 10661 | D:7      | Received a gift from Trog
 10875 | D:7      | Noticed a white ugly thing
 10884 | D:7      | Killed a white ugly thing
 11378 | D:8      | Noticed a boulder beetle
 11412 | D:8      | Killed a boulder beetle
 11752 | D:8      | Reached skill level 5 in Evocations
 12055 | D:8      | Reached skill level 12 in Axes
 12240 | D:8      | Found a glowing silver altar of Zin.
 12564 | D:9      | Found a staircase to the Lair.
 12564 | D:9      | Noticed an elephant
 12592 | D:9      | Killed an elephant
 12593 | D:9      | Reached skill level 1 in Stealth
 13019 | D:9      | Noticed an obsidian statue
 13026 | D:9      | Noticed an orange demon
 13038 | D:9      | Killed an obsidian statue
 13039 | D:9      | Reached skill level 13 in Axes
 13459 | D:9      | Noticed a wizard
 13461 | D:9      | Killed a wizard
 13462 | D:9      | Reached XP level 11. HP: 99/99 MP: 10/10
 13467 | D:9      | Noticed a large abomination
 13476 | D:9      | Noticed a large abomination
 13486 | D:9      | Killed a large abomination
 13685 | D:9      | Killed a large abomination
 13686 | D:9      | Reached skill level 10 in Fighting
 14487 | D:10     | Entered Level 10 of the Dungeon
 14588 | D:10     | Noticed a two-headed ogre
 14592 | D:10     | Noticed a two-headed ogre
 14593 | D:10     | Killed a two-headed ogre
 14594 | D:10     | Reached skill level 14 in Axes
 14597 | D:10     | Killed a two-headed ogre
 14890 | D:10     | Found Omuagaus's Weapon Shoppe.
 14958 | D:10     | Found Jyupsef's Book Boutique.
 15001 | D:10     | Noticed Josephine
 15007 | D:10     | Killed Josephine
 15499 | D:10     | Found Busiz's Armour Emporium.
 15643 | D:11     | Found a gate leading to a gauntlet.
 15661 | Gauntlet | Entered a Gauntlet
 15661 | Gauntlet | Noticed a tengu warrior
 15661 | Gauntlet | Found a transporter.
 15669 | Gauntlet | Found a runed translucent door.
 15673 | Gauntlet | Found a transporter.
 15674 | Gauntlet | Found a transporter.
 15675 | Gauntlet | Found a transporter.
 15719 | Gauntlet | Noticed a wizard
 15725 | Gauntlet | Found a transporter.
 15726 | Gauntlet | Found a transporter.
 15731 | Gauntlet | Noticed a fire crab
 15734 | Gauntlet | Found a transporter.
 15737 | Gauntlet | Found a transporter.
 15739 | Gauntlet | Noticed a sixfirhy
 15740 | Gauntlet | Noticed a sixfirhy
 15741 | Gauntlet | Found a runed translucent door.
 15741 | Gauntlet | Noticed a sixfirhy
 15743 | Gauntlet | Found a runed translucent door.
 15745 | Gauntlet | Found a transporter.
 15749 | Gauntlet | Found a transporter.
 15753 | Gauntlet | Noticed a sixfirhy
 15757 | Gauntlet | Found a transporter.
 15757 | Gauntlet | Noticed a sixfirhy
 15784 | Gauntlet | Found a transporter.
 15796 | Gauntlet | Found a transporter.
 15808 | Gauntlet | Found a transporter.
 16121 | Gauntlet | Killed a tengu warrior
 16122 | Gauntlet | Reached skill level 15 in Axes
 16341 | Gauntlet | Identified the amulet "Sinla" {Acrobat Fragile rN+ Dex+2}
 16357 | Gauntlet | Killed a wizard
 16358 | Gauntlet | Reached XP level 12. HP: 94/108 MP: 11/11
 16697 | Gauntlet | Identified the +1 helmet "Viamer" {rElec Dex+3}
 16719 | Gauntlet | Reached skill level 16 in Axes
 16810 | Gauntlet | Noticed a minotaur
 16817 | Gauntlet | Killed a minotaur
 16934 | D:11     | Found a staircase to the Orcish Mines.
 16967 | D:11     | Received a gift from Trog
 17265 | D:11     | Noticed a centaur warrior
 17278 | D:11     | Killed a centaur warrior
 18357 | D:12     | Found a transporter.
 18359 | D:12     | Found a transporter.
 18651 | D:12     | Noticed a two-headed ogre
 18659 | D:12     | Killed a two-headed ogre
 18729 | D:12     | Found a transporter.
 18730 | D:12     | Found a transporter.
 18735 | D:12     | Found a transporter.
 18751 | D:12     | Found a transporter.
 19062 | D:13     | Reached skill level 17 in Axes
 19075 | D:13     | Noticed a tengu warrior
 19082 | D:13     | Killed a tengu warrior
 19095 | D:13     | Noticed a centaur warrior
 19388 | D:13     | Noticed a two-headed ogre
 19393 | D:13     | Killed a two-headed ogre
 19462 | D:13     | Noticed a two-headed ogre
 19465 | D:13     | Noticed Rupert
 19467 | D:13     | Killed a two-headed ogre
 19468 | D:13     | Reached XP level 13. HP: 84/118 MP: 12/12
 19475 | D:13     | Mangled by Rupert

Illustrated notes

Levels and vault maps discovered:
D:1:      minmay_arrival_cross, layout_loops_corners, kennysheep_another_room,
          nicolae_grassy_gnolls
D:2:      layout_basic, nicolae_ecumenical_lake_church, basic_altar
D:3:      lemuel_castle_with_subvaults [lemuel_castle_interior_carwin_2],
          layout_basic, serial_shops, nicolae_lakefront_shop, uniq_natasha
D:4:      layout_basic, serial_shops, nicolae_shop_bloodbath_and_beyond,
          amcnicky_mini_corridor_feature, minmay_a_box_with_orc_wizards_in_it
D:5:      layout_cave_pods, temple_green, uniq_grinder
D:6:      layout_loops_ring
D:7:      layout_basic, enter_bailey_6
D:8:      layout_loops_ring, mainiacjoe_overflow_alcove_1, feat_on_display
D:9:      layout_grid_maze, david_lair_generic, minivault_16, laboratory
D:10:     layout_loops_ring, serial_shops, nicolae_shop_crystal, shop_statue,
          nicolae_diamond_shop, hangedman_decor_opposing, uniq_josephine
D:11:     layout_basic, minmay_orc_entry_temple_small, gauntlet_entry_generic
D:12:     layout_roguey, serial_nicolae_subway, nicolae_sub_station_metal,
          nicolae_sub_station_crystal, nicolae_sub_station_stone
D:13:     layout_loops_cross, david_vaults_1, uniq_rupert, uniq_jorgrun,
          uniq_kirke, uniq_frances

Skill      XL: |  1  2  3  4  5  6  7  8  9 10 11 12 |
---------------+-------------------------------------+-----
Fighting       | 4 5 7 8 9 10 12 | 12.2
Axes           | 4 5 6 7 9 11 13 15 17 | 17.2
Dodging        | 3 4 5 6 7 8 9 |  9.0
Shields        | 1 2 3 4 |  4.4
Evocations     | 1 2 3 4 5 6 7 |  7.3
Armour         | 3 4 5 6 7 8 |  8.6
Stealth        | 1 |  1.1

Action                   |  1- 3 |  4- 6 |  7- 9 | 10-12 | 13-15 || total
-------------------------+-------+-------+-------+-------+-------++-------
Melee: Hand axe          |    79 |   166 |   196 |       |       ||   441
       Headbutt          |    15 |    28 |    74 |    57 |     2 ||   176
       Punch             |     1 |       |       |       |       ||     1
       War axe           |       |       |   182 |    24 |       ||   206
       Battleaxe         |       |       |       |   279 |     6 ||   285
Invok: Berserk           |       |     3 |     5 |     4 |       ||    12
       Trog's Hand       |       |       |     1 |     1 |       ||     2
       Brothers in Arms  |       |       |       |     1 |       ||     1
Evoke: Wand              |       |       |     8 |     3 |       ||    11
  Use: Scroll            |       |       |    13 |     7 |       ||    20
       Potion            |       |       |       |     5 |       ||     5
 Stab: Distracted        |       |       |       |     1 |       ||     1
Armor: Animal skin       |    13 |    18 |       |       |       ||    31
       Chain mail        |       |     4 |   144 |       |       ||   148
       Plate armour      |       |       |    64 |   211 |       ||   275
Dodge: Dodged            |    43 |    81 |   128 |   184 |     1 ||   437
       Repelled          |       |       |       |     2 |       ||     2
Block: Kite shield       |    16 |    59 |   177 |     7 |       ||   259
